AoeStats
← 牛油果

Arena

510092908Analyzed
4v4 RM · 2d ago on Sep 29, 2026· 123m 28s· 8 players
Game mode
Random Map
Map size
Large (8 player)
Population
200
Speed
Normal
Resources
Standard
Victory
Conquest
Starting age
Dark Age
Ending age
Imperial Age
RankedLock teamsTeams togetherTeam positionsShared explorationLock speedFull tech treeHidden civsTurbo modeCheats
Victory
Defeat
🇨🇿 Magyars · Czechia
1752
+10
🇮🇹 Sicilians · Italy
1687
+12
🇮🇹 Varangians · Italy
1682
+13
🇳🇱 Spanish · Netherlands
1567
+16
🇭🇰 Goths · Hong Kong SAR China
1643
-14
🇭🇰 Britons · Hong Kong SAR China
1616
-13
🇭🇰 Khmer · Hong Kong SAR China
1599
-13
🇭🇰 Byzantines · Hong Kong SAR China
1560
-11
Franczesco
10:05 Feudal Age
13:34 Castle Age
12:08 Double-Bit Axe
12:26 Horse Collar
14:31 Bow Saw
20:02 Wheelbarrow
22:23 Heavy Plow
22:25 Stone Mining
22:39 Loom
22:58 Gold Mining
24:21 Hand Cart
28:38 Imperial Age
26:23 Scale Barding Armor
27:28 Chain Barding Armor
27:51 Bloodlines
28:09 Corvinian Army
28:26 Husbandry
28:13 Treadmill Crane
29:58 Plate Barding Armor
28:51 Elite Magyar Huszar
30:42 Fletching
31:13 Ballistics
30:54 Padded Archer Armor
31:40 Parthian Tactics
31:39 Bodkin Arrow
31:53 Recurve Bow
33:08 Chemistry
32:46 Conscription
32:51 Bracer
34:18 Leather Archer Armor
33:31 Heavy Cavalry Archer
34:18 Thumb Ring
35:36 Ring Archer Armor
36:34 Siege Engineers
37:32 Two-Man Saw
39:25 Masonry
38:50 Sappers
42:06 Hoardings
54:46 Caravan
59:24 Coinage
61:52 Crop Rotation
62:07 Herbal Medicine
81:11 Town Watch
83:40 Banking
84:24 Gold Shaft Mining
101:30 Murder Holes
Zaffo
11:05 Feudal Age
13:15 Double-Bit Axe
13:11 Horse Collar
15:50 Castle Age
16:48 Bow Saw
16:38 Heavy Plow
20:48 Wheelbarrow
22:37 Scale Barding Armor
23:12 Forging
26:17 Hand Cart
26:39 Gold Mining
26:39 Stone Mining
30:23 Imperial Age
28:40 Stone Shaft Mining
29:12 Iron Casting
29:51 Scale Barding Armor
31:23 Chain Barding Armor
32:24 Conscription
31:58 Elite Jarl
33:38 Fletching
34:49 Blast Furnace
35:41 Bloodlines
35:31 Husbandry
36:20 Plate Barding Armor
40:54 Caravan
41:06 Guilds
42:51 Fletching
43:27 Bodkin Arrow
47:45 Two-Man Saw
47:22 Bracer
56:57 Light Cavalry
65:56 Ballistics
66:40 Chemistry
69:54 Hussar
72:04 Loom
73:27 Vendel Legacy
73:33 Cavalier
80:33 Treadmill Crane
89:46 Crop Rotation
94:40 Siege Engineers
98:40 Murder Holes
98:57 Masonry
100:09 Fortified Wall
100:58 Architecture
Mandrake
11:40 Feudal Age
12:54 Double-Bit Axe
12:50 Horse Collar
13:13 Gold Mining
15:38 Castle Age
17:08 Bow Saw
18:31 Wheelbarrow
18:22 Padded Archer Armor
26:25 Leather Archer Armor
26:30 Loom
33:30 Imperial Age
30:54 Elite Skirmisher
31:26 Fletching
32:15 Bodkin Arrow
32:43 Fortified Wall
33:02 Hand Cart
35:16 Chemistry
34:36 Ballistics
34:37 Bracer
35:08 Ring Archer Armor
36:12 Conscription
36:58 Town Watch
42:32 Heavy Plow
43:42 Two-Man Saw
44:08 Caravan
44:38 Coinage
47:05 Masonry
57:17 Bloodlines
57:08 Husbandry
56:29 Cavalier
57:36 Scale Barding Armor
57:42 Forging
59:16 Chain Barding Armor
58:48 Paladin
60:50 Plate Barding Armor
61:47 Light Cavalry
63:36 Iron Casting
64:23 Hussar
66:05 Blast Furnace
85:53 Capped Ram
87:03 Siege Ram
GdR_Scugo
10:39 Feudal Age
12:13 Horse Collar
14:51 Castle Age
15:20 Double-Bit Axe
16:41 Bow Saw
20:17 Wheelbarrow
20:25 Gold Mining
24:02 Loom
27:18 Imperial Age
26:00 Scale Barding Armor
26:05 Forging
26:42 Hand Cart
27:32 Husbandry
27:42 Bloodlines
27:38 Heavy Plow
28:22 Conscription
28:33 Chain Barding Armor
28:45 Cavalier
30:30 Gold Shaft Mining
30:53 Plate Barding Armor
31:29 Hauberk
33:49 Iron Casting
38:56 Blast Furnace
40:14 Fletching
40:07 Onager
41:48 Siege Engineers
41:39 Siege Onager
45:34 Caravan
47:04 Bodkin Arrow
48:12 Chemistry
49:46 Bracer
50:12 Ballistics
50:42 Light Cavalry
51:54 Arrowslits
53:17 Masonry
54:59 Pikeman
55:39 Squires
59:05 Scale Mail Armor
58:35 Elite Serjeant
59:44 First Crusade
60:18 Chain Mail Armor
61:41 Plate Mail Armor
62:44 Halberdier
63:25 Squires
64:04 Squires
68:00 Capped Ram
68:55 Siege Ram
79:22 Coinage
91:28 Crop Rotation
局長
10:36 Loom
12:22 Feudal Age
14:07 Double-Bit Axe
16:56 Castle Age
14:50 Horse Collar
16:57 Wheelbarrow
17:59 Bow Saw
25:00 Stone Mining
26:10 Fortified Wall
26:06 Gold Mining
27:25 Fletching
27:35 Padded Archer Armor
27:52 Treadmill Crane
28:35 Ballistics
30:52 Imperial Age
28:12 Crossbowman
29:34 Thumb Ring
29:27 Bodkin Arrow
30:37 Leather Archer Armor
30:03 Pikeman
30:45 Squires
31:00 Arbalester
31:41 Bracer
31:56 Scale Mail Armor
32:07 Forging
32:08 Halberdier
33:31 Arson
35:19 Ring Archer Armor
35:50 Chain Mail Armor
36:11 Iron Casting
38:15 Chemistry
38:42 Plate Mail Armor
44:06 Hand Cart
46:20 Murder Holes
47:16 Scale Barding Armor
47:32 Light Cavalry
48:34 Chain Barding Armor
48:16 Husbandry
49:28 Bombard Tower
50:31 Stone Shaft Mining
50:32 Gold Shaft Mining
50:58 Two-Man Saw
49:59 Heavy Plow
50:08 Hussar
53:41 Plate Barding Armor
54:43 Greek Fire
55:04 Conscription
66:04 Hoardings
84:39 Caravan
Sakmelo
9:44 Feudal Age
14:26 Castle Age
12:44 Double-Bit Axe
12:42 Horse Collar
15:40 Bow Saw
20:59 Wheelbarrow
21:13 Heavy Plow
22:01 Gold Mining
24:09 Stone Mining
28:13 Imperial Age
26:00 Hand Cart
25:31 Loom
25:49 Scale Mail Armor
25:32 Pikeman
26:41 Forging
26:46 Chain Mail Armor
27:19 Town Watch
28:29 Iron Casting
28:25 Squires
28:37 Halberdier
29:46 Conscription
31:08 Blast Furnace
30:11 Anarchy
30:20 Perfusion
32:35 Chemistry
31:39 Capped Ram
32:30 Anarchy
31:53 Elite Huskarl
35:46 Anarchy
40:33 Two-Man Saw
45:19 Onager
52:19 Caravan
53:51 Fletching
54:02 Padded Archer Armor
54:47 Ballistics
55:30 Crop Rotation
55:17 Bodkin Arrow
55:37 Leather Archer Armor
54:48 Elite Skirmisher
56:35 Bracer
58:19 Leather Archer Armor
85:55 Masonry
93:45 Architecture
牛油果
11:46 Feudal Age
12:40 Double-Bit Axe
15:42 Castle Age
13:31 Horse Collar
16:39 Bow Saw
16:29 Heavy Plow
18:37 Fletching
18:56 Crossbowman
20:58 Ballistics
20:43 Bodkin Arrow
23:55 Wheelbarrow
25:33 Loom
29:15 Imperial Age
27:00 Hand Cart
26:43 Gold Mining
26:54 Padded Archer Armor
28:02 Gold Shaft Mining
27:20 Stone Mining
28:44 Leather Archer Armor
29:19 Arbalester
29:59 Bracer
31:12 Chemistry
32:15 Two-Man Saw
33:19 Yeomen
33:19 Conscription
34:22 Ring Archer Armor
34:58 Town Watch
35:45 Guard Tower
37:56 Keep
37:31 Masonry
37:42 Arrowslits
38:36 Murder Holes
38:22 Treadmill Crane
40:19 Siege Engineers
40:44 Architecture
42:52 Fortified Wall
42:47 Warwolf
54:22 Elite Skirmisher
61:46 Coinage
61:17 Caravan
61:27 Guilds
65:55 Scale Mail Armor
66:05 Forging
65:56 Squires
65:42 Arson
65:17 Pikeman
66:12 Gambesons
67:45 Banking
73:51 Chain Mail Armor
74:11 Iron Casting
77:40 Plate Mail Armor
78:10 Blast Furnace
76:31 Halberdier
85:31 Man-at-Arms
86:37 Long Swordsman
87:05 Two-Handed Swordsman
87:49 Champion
89:41 Capped Ram
96:23 Heavy Scorpion
羅敏莊
10:10 Feudal Age
11:01 Double-Bit Axe
10:58 Horse Collar
14:26 Castle Age
15:26 Bow Saw
15:31 Heavy Plow
23:23 Wheelbarrow
23:18 Loom
23:59 Fortified Wall
26:59 Gold Mining
26:59 Stone Mining
30:29 Imperial Age
28:28 Scale Barding Armor
28:28 Devotion
30:14 Chain Barding Armor
30:06 Bloodlines
29:56 Husbandry
30:44 Ballistics
30:36 Masonry
30:37 Elite Ballista Elephant
32:24 Chemistry
32:22 Double Crossbow
33:17 Siege Engineers
33:51 Conscription
34:11 Murder Holes
37:34 Masonry
40:19 Gold Shaft Mining
42:15 Hand Cart
46:08 Plate Barding Armor
45:43 Forging
44:55 Light Cavalry
47:28 Crop Rotation
49:10 Hussar
50:28 Iron Casting
52:22 Blast Furnace
55:58 Coinage
71:11 Banking
72:28 Caravan
90:41 Capped Ram
93:25 Heavy Scorpion
115:07 Siege Ram
Connection lost

Rejoining the realm…

Still unreachable

The connection could not be restored.

Session expired

The server has moved on; the page needs a fresh start.